 Dungeon Crawl Stone Soup version 0.17.1-1-g73c8601 (webtiles) character file.

145 onyx93 the Insei (level 5, -6/33 HPs)
             Began as an Octopode Transmuter on Dec 27, 2015.
             Mangled by Duvessa
             ... wielding a +0 rapier
              (15 damage)
             ... on level 4 of the Dungeon.
             The game lasted 00:07:42 (3173 turns).

onyx93 the Insei (Octopode Transmuter)              Turns: 3173, Time: 00:07:42

Health: -6/33      AC:  1    Str: 10    XL:     5   Next: 27%
Magic:  7/8        EV: 11    Int: 16    God:
Gold:   131        SH:  5    Dex: 12    Spells: 1 memorised, 7 levels left

rFire  . . .     SeeInvis .       - Unarmed
rCold  . . .     Clarity  +     u - +2 buckler
rNeg   . . .     SustAt   .     (helmet restricted)
rPois  .         Gourm    .     w - amulet of clarity
rElec  .         Spirit   .     (no ring)
rCorr  .         Warding  .     (no ring)
rMut   .         Stasis   .     (no ring)
MR     .....                    (no ring)
Stlth  ++........               (no ring)
                                (no ring)
                                (no ring)
                                (no ring)

@: appendage (expiring), not resistant to hostile enchantments, unstealthy
A: almost no armour, amphibious, 8 rings, constrict 8, tentacle spike 3,
camouflage 1, gelatinous body 1
a: End Transformation


You were on level 4 of the Dungeon.
You were not hungry.
One of your tentacles had a temporary spike.
You visited 1 branch of the dungeon, and saw 4 of its levels.

You collected 131 gold pieces.

Inventory:

Missiles
 a - 46 arrows
 h - 3 curare-tipped needles
 y - 16 poisoned needles
Armour
 k - a +2 shield
 u - a +2 buckler (worn)
Jewellery
 t - an uncursed ring of fire
 w - an amulet of clarity (around mantle)
Wands
 l - a wand of slowing (12)
Scrolls
 f - 2 scrolls of fear
 n - 2 scrolls of immolation
 r - a scroll of identify
 s - 3 scrolls of remove curse
 z - a scroll of random uselessness {unknown}
Potions
 e - a potion of flight {unknown}
 g - a potion of might {unknown}
 i - a potion of heal wounds {unknown}
 j - a potion of curing {unknown}
 o - 2 potions of brilliance {unknown}
 p - 3 potions of agility {unknown}
 q - a potion of resistance {unknown}
 x - a potion of lignification {unknown}
Books
 b - a book of Changes

   Spells                             Type                      Level
   a - Beastly Appendage              Transmutation                1
   b - Sticks to Snakes               Transmutation                2
   c - Spider Form                    Transmutation/Poison         3
   d - Ice Form                       Ice/Transmutation            4
   e - Blade Hands                    Transmutation                5
Comestibles
 c - 3 bread rations
 d - 2 meat rations
 m - 6 fruits
 v - a slice of pizza
 A - 4 chunks of flesh


   Skills:
 - Level 1.0 Fighting
 - Level 2.0 Dodging
 - Level 5.0 Unarmed Combat
 - Level 2.0 Spellcasting
 + Level 3.5 Transmutations


You had 7 spell levels left.
You knew the following spells:

 Your Spells              Type           Power        Failure   Level  Hunger
a - Beastly Appendage     Trmt           ##....       10%         1    #......


Dungeon Overview and Level Annotations

Branches:
Dungeon (4/15)
 Temple: D:4-7

Altars:

Annotations:
D:4 Duvessa; smackjaw's ghost, amateur TrMo


Innate Abilities, Weirdness & Mutations

You cannot wear most types of armour.
You are amphibious.
You can wear up to eight rings at the same time.
You can use your tentacles to constrict eight enemies at once.
Your skin changes colour to match your surroundings (Stealth).
Your rubbery body absorbs attacks (AC +1).
One of your tentacles bears a large vicious spike.


Message History

You constrict Duvessa, but do no damage.
Duvessa hits you with a rapier.
You tentacle-slap Duvessa.
You pierce Duvessa, but do no damage.
You tentacle-slap Duvessa.
Duvessa is moderately wounded.
Your transformation is almost over.
You constrict Duvessa. Duvessa hits you with a rapier.
You tentacle-slap Duvessa.
Duvessa is moderately wounded.
You constrict Duvessa. You block Duvessa's attack.
You tentacle-slap Duvessa.
You pierce Duvessa, but do no damage.
Duvessa is heavily wounded.
You constrict Duvessa, but do no damage.
Duvessa hits you with a rapier.
* * * LOW HITPOINT WARNING * * *
You tentacle-slap Duvessa but do no damage.
Duvessa is heavily wounded.
You constrict Duvessa, but do no damage.
Duvessa hits you with a rapier!
You die...

## .....#. ##### ####### ......#
#...####.<.... .....#
#........##### ....# #...######
####..# ####)## #.....###.<..#
#..#....#.###########
#<#...e@............#
####.###.#.#.#########.# #..e.#
#.....## #.### #e#### #..#...#
##...## #.####
##....)#######.###.# #Wee.#
##.#..##......# #.# #.....#.#
#....##.###..###.#
......#.##.#####..##.###.#...##
.................................


You could see Duvessa (berserk).

Vanquished Creatures
  Dowan (D:4)
  Terence (D:2)
  An adder (D:3)
  A giant gecko (D:3)
  An orc (D:3)
  3 ball pythons
  7 bats
  5 giant cockroaches
  2 goblins (D:2)
  8 hobgoblins
  4 jackals (D:4)
  2 quokkas
  4 giant newts
  12 kobolds
  5 rats
57 creatures vanquished.

Notes
Turn   | Place    | Note
--------------------------------------------------------------
     0 | D:1      | onyx93 the Octopode Transmuter began the quest for the Orb.
     0 | D:1      | Reached XP level 1. HP: 13/13 MP: 3/3
   174 | D:1      | Reached XP level 2. HP: 16/18 MP: 5/5
   379 | D:1      | Reached skill level 4 in Unarmed Combat
   728 | D:2      | Reached XP level 3. HP: 20/23 MP: 6/6
   830 | D:2      | Noticed Terence
   840 | D:2      | Killed Terence
  1188 | D:2      | Reached XP level 4. HP: 20/28 MP: 7/7
  1760 | D:2      | Reached skill level 5 in Unarmed Combat
  2804 | D:4      | Noticed Duvessa
  2804 | D:4      | Noticed Dowan
  2805 | D:4      | Noticed smackjaw's ghost (amateur TrMo)
  3046 | D:4      | Killed Dowan
  3046 | D:4      | Reached XP level 5. HP: 25/33 MP: 6/8
  3173 | D:4      | Mangled by Duvessa

Action                   |  1- 3 |  4- 6 || total
-------------------------+-------+-------++-------
Melee: Unarmed           |    63 |    72 ||   135
 Cast: Beastly Appendage |     1 |     2 ||     3
  Use: Scroll            |       |     8 ||     8
 Stab: Sleeping          |     5 |     5 ||    10
  Eat: Chunk             |     1 |     5 ||     6
       Fruit             |       |     1 ||     1
